 Dungeon Crawl Stone Soup version 0.31-a0-881-ge136f0c47a (webtiles) character file.

Game seed: 15180162850048835825

151 avis the Ducker (level 5, -1/24 HPs)
             Began as a Felid Fighter on Oct 15, 2023.
             Slain by a kobold brigand
             ... wielding a +0 dagger
              (5 damage)
             ... in a sewer on Oct 16, 2023.
             The game lasted 00:09:14 (1789 turns).

avis the Ducker (Felid Fighter)                     Turns: 1789, Time: 00:09:15

Health: -1/24      AC:  1    Str: 12    XL:     5   Next: 11%
Magic:  6/6        EV: 20    Int: 10    God:
Gold:   99         SH:  0    Dex: 17    Spells: 4/4 levels left
                                        Lives:  0   Deaths: 2

rFire   . .          .
                       - Unarmed
rCold   . . .        (shield unavailable)
rNeg    . . .        (body armour unavailable)
rPois   .            (helmet unavailable)
rElec   .            (cloak unavailable)
rCorr   .            (gloves unavailable)
SInv    +            (boots unavailable)
Will    .....        (no amulet)
Stlth   +++          (no ring)
HPRegen 0.24/turn    (no ring)
MPRegen 0.10/turn

%: no passive effects
@: quick
A: very small, claws 1, fangs 3, see invisible, speed 1, shaggy fur 1, stealthy
paws, no weapons or thrown items, no armour, multi-lived
a: no special abilities


You were in a sewer.
You visited 1 branch of the dungeon, and saw 3 of its levels.
You also visited: Sewer.

You collected 99 gold pieces.

Inventory:

Scrolls
 c - a scroll of revelation {unknown}
 d - 2 scrolls of fear {unknown}
 f - a scroll of silence
 h - 2 scrolls of identify
 i - a scroll of noise {unknown}
 j - a scroll of brand weapon {unknown}
 k - a scroll of summoning {unknown}
Potions
 a - a potion of might
 b - 2 potions of heal wounds
 e - 4 potions of curing
 g - 2 potions of cancellation
 l - 3 potions of enlightenment


   Skills:
 * Level 3.1 Fighting
 - Level 6.0 Dodging
 - Level 5.0 Stealth
 - Level 4.0 Unarmed Combat


You had 4 spell levels left.
You didn't know any spells.
Your spell library contained the following spells:

 Spells                   Type           Power      Damage    Failure   Level
 Ensorcelled Hibernation  Hex/Ice        0%         N/A       50%         2
 Jinxbite                 Hex            0%         N/A       50%         2
 Call Canine Familiar     Summ           0%         N/A       75%         3
 Sigil of Binding         Hex            0%         N/A       75%         3
 Anguish                  Hex/Necr       0%         N/A       98%         4
 Leda's Liquefaction      Hex/Erth       0%         N/A       98%         4
 Dimensional Bullseye     Hex/Tloc       Unusable   N/A       N/A         4

Dungeon Overview and Level Annotations

Branches:
Dungeon (3/15)              Sewer (1/1)

Altars:
Qazlal

Shops:
D:3 (


Innate Abilities, Weirdness & Mutations

You have sharp claws.
You have razor-sharp teeth.
You have supernaturally acute eyesight. (SInv)
You cover ground quickly. (Speed+)
You are covered in fur. (AC +1)
Your paws help you pounce on unaware monsters.
You are incapable of wielding weapons or throwing items.
You cannot wear armour.
You gain extra lives every three experience levels.


Message History

You kill the kobold!
The kobold hits you with a +0 short sword.
The kobold brigand hits you with a +0 dagger!
Things that are here:
a +0 club; a stone You scratch the kobold brigand but do no damage.
The kobold brigand is lightly wounded.
The kobold brigand closely misses you. The kobold barely misses you.
You claw the kobold brigand!
The kobold brigand is moderately wounded.
The kobold brigand hits you with a +0 dagger!
* * * LOW HITPOINT WARNING * * *
The kobold completely misses you.
The kobold brigand throws a poisoned dart.
The poisoned dart misses you.
You see here a +0 dagger.
Things that are here:
a +0 whip; a kobold corpse You feel much better.
The kobold brigand throws a poisoned dart.
The poisoned dart closely misses you.
The kobold brigand hits you with a +0 dagger.
Things that are here:
a +0 whip; a kobold corpse You closely miss the kobold brigand.
Your claw misses the kobold brigand.
The kobold brigand is moderately wounded.
The kobold brigand hits you with a +0 dagger.
You scratch the kobold brigand.
The kobold brigand is almost dead.
The kobold brigand hits you with a +0 dagger.
The kobold brigand completely misses you.
You scratch the kobold brigand. Your claw misses the kobold brigand.
The kobold brigand is almost dead.
The kobold brigand hits you with a +0 dagger!
* * * LOW HITPOINT WARNING * * *
The kobold brigand misses you.
You scratch the kobold brigand.
You kill the kobold brigand!
The kobold brigand hits you with a +0 dagger.
You die...

##~#########..~.##
#.~K†KK..~.#.~≈~.#
.~~.KK~~~~.#..~..#
~~~~~~≈≈≈~~#.....#
≈≈≈≈≈≈≈≈≈~~K.....#
~~~hK~≈≈≈~.#....K#
~..~~~~~~..#...#K##
#..~....~..##.##K)#
############## #@##
###.## ###..#.#
#_#..### #...##
#..## ####


You could see a kobold brigand and 2 kobolds.

Vanquished Creatures
  A kobold brigand (Sewer)
  Jessica (D:3)
  An orc wizard (D:3)
  3 gnolls (D:1)
  An adder (D:3)
  2 river rats (Sewer)
  A worm (D:2)
  2 dart slugs (D:1)
  An orc (D:3)
  5 ball pythons
  4 endoplasms
  A giant cockroach (D:3)
  A goblin (D:1)
  4 hobgoblins
  6 kobolds
  3 quokkas
  A bat (D:1)
  2 frilled lizards
  3 rats
43 creatures vanquished.

Notes
Turn   | Place    | Note
-------+----------+-------------------------------------------
     0 | D:1      | avis the Felid Fighter began the quest for the Orb.
     0 | D:1      | Reached XP level 1. HP: 10/10 MP: 2/2
    30 | D:1      | Reached skill level 1 in Stealth
   118 | D:1      | Reached XP level 2. HP: 7/14 MP: 3/3
   814 | D:2      | Reached XP level 3. HP: 12/17 MP: 4/4
   814 | D:2      | Found a stormy altar of Qazlal.
  1112 | D:1      | Reached skill level 5 in Dodging
  1581 | D:3      | Reached XP level 4. HP: 21/21 MP: 5/5
  1582 | D:3      | Found Teumpoty's Antique Weapon Shoppe.
  1608 | D:3      | Noticed Jessica
  1611 | D:3      | Killed Jessica
  1612 | D:3      | Reached skill level 6 in Dodging
  1627 | D:3      | Slain by an orc
  1650 | D:3      | Found a glowing drain.
  1662 | Sewer    | Entered a sewer
  1667 | Sewer    | Reached XP level 5. HP: 24/24 MP: 6/6
  1679 | Sewer    | Reached skill level 5 in Stealth
  1748 | Sewer    | Slain by a kobold brigand
  1758 | Sewer    | Found a glowing silver altar of Zin.
  1789 | Sewer    | Slain by a kobold brigand

Illustrated notes

Levels and vault maps discovered:
D:1:      lightli_arrival_chessboard, layout_basic
D:2:      layout_basic, basic_altar
D:3:      minmay_skewed_foursquare, layout_basic, zin_angel, serial_shops,
          nicolae_shop_peninsula, portal_sewer_entry_d, serial_bayou,
          serial_bayou_pond_e, serial_bayou_ford_a, serial_bayou_pond_a,
          serial_bayou_pond_b, serial_bayou_pond_a, serial_bayou_pond_c,
          minmay_fountain_box, uniq_jessica
Sewer:    sewer_kobolds

Skill      XL: |  1  2  3  4  5 |
---------------+----------------+-----
Stealth        | 2 3 4 5 |  5.0
Dodging        | 5 6 |  6.0
Fighting       | |  3.1
Unarmed Combat | |  4.0

Action                     |  1- 3 |  4- 6 || total
---------------------------+-------+-------++-------
  Melee: Unarmed           |    75 |    56 ||   131
         Bite              |     7 |     4 ||    11
         Punch             |       |     1 ||     1
    Use: Scroll            |     4 |       ||     4
         Potion            |       |     1 ||     1
   Stab: Sleeping          |     6 |     3 ||     9
         Distracted        |     1 |     1 ||     2
 Armour: Skin              |    14 |    21 ||    35
  Dodge: Dodged            |    61 |    51 ||   112

Table legend: (Time is in decaauts)
 A = Elapsed time spent in this place.
 B = Non-inter-level travel time spent in this place.
 C = Inter-level travel time spent in this place.
 D = Time resting spent in this place.
 E = Time spent auto-exploring this place.
 F = Levels seen in this place.
 G = Mean time per level.
                   A        B        C        D        E       F      G
               +--------+--------+--------+--------+--------+-----+--------+
         Total |   1524 |   1360 |    164 |    163 |    583 |   4 |  381.0 |
       Dungeon |   1402 |   1238 |    164 |    163 |    583 |   3 |  467.3 |
         Sewer |    121 |    121 |      0 |      0 |      0 |   1 |  121.0 |
               +--------+--------+--------+--------+--------+-----+--------+

Top non-repeatable levels by time:
     D:1: 810 daAuts
     D:2: 473 daAuts
   Sewer: 121 daAuts
     D:3: 119 daAuts
